 Dungeon Crawl Stone Soup version 0.27.1-15-g792fb953b9 (webtiles) character file.

Game seed: 16130933835016990894

1843 MisterFreud the Carver (level 8, -1/71 HPs)
             Began as a Minotaur Abyssal Knight on Nov 18, 2021.
             Was a Priest of Lugonu.
             Slain by an iguana (6 damage)
             ... on level 6 of the Dungeon.
             The game lasted 00:06:56 (8139 turns).

MisterFreud the Carver (Minotaur Abyssal Knight)    Turns: 8139, Time: 00:06:57

Health: -1/71      AC:  9    Str: 17    XL:     8   Next: 88%
Magic:  0/10       EV:  7    Int:  9    God:    Lugonu [***...]
Gold:   333        SH:  0    Dex: 12    Spells: 7/7 levels left

rFire    . . .     SeeInvis .   a - +2 falchion (flame)
rCold    . . .     Faith    .   (no shield)
rNeg     . . .     Spirit   +   k - +0 chain mail
rPois    .         Reflect  .   (helmet restricted)
rElec    .         Harm     .   (no cloak)
rCorr    .         Rampage  .   (no gloves)
Will     .....                  (no boots)
Stlth    ..........             c - amulet of guardian spirit
HPRegen  0.21/turn              (no ring)
MPRegen  0.12/turn              (no ring)

@: no status effects
A: horns 2, retaliatory headbutt
a: Renounce Religion, Depart the Abyss, Bend Space, Banish


You were on level 6 of the Dungeon.
You worshipped Lugonu.
Lugonu was most pleased with you.
You visited 1 branch of the dungeon, and saw 6 of its levels.
You visited the Abyss 1 time.

You collected 333 gold pieces.

Inventory:

Hand Weapons
 a - a +2 falchion of flaming (weapon)
 s - a +0 scimitar
Missiles
 d - 8 boomerangs (quivered)
 f - 41 poisoned darts
Armour
 b - a +0 leather armour
 k - a +0 chain mail (worn)
Jewellery
 c - an amulet of guardian spirit (around neck)
 q - an amulet of the acrobat
Wands
 t - a wand of digging (3)
Scrolls
 h - a scroll of torment
 j - a scroll of teleportation
 l - a scroll of fear
 n - a scroll of magic mapping
 o - 3 scrolls of blinking
Potions
 e - a potion of curing {unknown}
 g - a potion of degeneration {unknown}
 i - a potion of might {unknown}
 m - a potion of invisibility
 p - a potion of attraction
 r - 2 potions of brilliance


   Skills:
 + Level 6.8 Fighting
 + Level 10.4 Long Blades
 - Level 5.0 Armour
 - Level 1.1 Dodging
 - Level 5.0 Invocations


You had 7 spell levels left.
You didn't know any spells.
Your spell library contained the following spells:

 Spells                   Type           Power      Damage    Failure   Level
 Blink                    Tloc           N/A        N/A       100%        2
 Stone Arrow              Conj/Erth      0%         3d7       100%        3
 Animate Armour           Summ/Erth      0%         N/A       100%        4
 Manifold Assault         Tloc           0%         N/A       100%        5
 Storm Form               Tmut/Air       0%         N/A       100%        7
 Lehudib's Crystal Spear  Conj/Erth      0%         10d2      100%        8


Dungeon Overview and Level Annotations

Branches:
Dungeon (6/15)
 Temple: D:4-7

Altars:
Uskayaw
Wu Jian

Annotations:
D:4 3 runed translucent doors, Zeebu's ghost, amateur DsAK


Innate Abilities, Weirdness & Mutations

You have a pair of horns on your head.
You reflexively headbutt those who attack you in melee.


Message History

You completely miss the ice beast. Your headbutt misses the ice beast.
The ice beast is severely wounded.
The ice beast hits you but does no damage.
You hit the ice beast but do no damage.
The ice beast is severely wounded.
You closely miss the ice beast.
The ice beast is severely wounded.
The ice beast hits you but does no damage.
You barely miss the ice beast.
The ice beast is severely wounded.
The ice beast hits you. The ice beast freezes you!
* * * LOW HITPOINT WARNING * * *
Your chain mail prevents you from hitting the ice beast.
The ice beast is severely wounded.
The ice beast hits you but does no damage.
You slash the ice beast!
You melt the ice beast.
You kill the ice beast!
Lugonu accepts your kill.
You hit the iguana but do no damage.
You headbutt the iguana, but do no damage.
The iguana bites you.
* * * LOW HITPOINT WARNING * * *
The howler monkey hoots and howls with incredible vigour!
You closely miss the iguana. Your headbutt misses the iguana.
The iguana bites you.
* * * LOW HITPOINT WARNING * * *
You closely miss the iguana. You hit the iguana. You burn the iguana.
The iguana is moderately wounded.
The iguana barely misses you.
You hit the iguana. You burn the iguana.
You headbutt the iguana, but do no damage.
The iguana is heavily wounded.
The iguana bites you!
* * * LOW HITPOINT WARNING * * *
You closely miss the iguana.
The iguana is heavily wounded.
The howler monkey hoots and howls with incredible vigour!
The iguana bites you!
You die...

####..#......#
.............#
#######.######...
#..........
......#
#..###.####
......# #..#
+.....# #..#
#.....# ##.#
#.....# #@# ###
##'.....#
#l###.####.......#
#h...........#
##.........!##
############


You could see a howler monkey (catching breath) and an iguana.

Vanquished Creatures
  Grinder (D:4)
  A water moccasin (D:5)
  An ice beast (D:6)
  A sky beast (D:5)
  A necrophage (D:6)
  3 ogres
  2 scorpions
  2 wyvern skeletons
  2 water moccasin skeletons
  3 wights (D:6)
  2 bullfrog zombies
  A jelly (D:5)
  2 centaur skeletons (D:5)
  2 hounds (D:5)
  An orc priest (D:2)
  An iguana (D:3)
  A scorpion zombie (D:5)
  4 orc wizards
  2 gnolls
  7 adders
  A shadow imp (D:6)
  3 worms (D:2)
  6 dart slugs
  14 orcs
  8 endoplasms
  3 giant cockroaches
  16 goblins
  6 hobgoblins
  5 jackals
  4 kobolds
  3 quokkas
  4 ball pythons
  4 bats
  3 frilled lizards
  9 rats
129 creatures vanquished.

Vanquished Creatures (others)
  A plant (D:3)
1 creature vanquished.

Grand Total: 130 creatures vanquished

Notes
Turn   | Place    | Note
-------+----------+-------------------------------------------
     0 | Abyss:1  | MisterFreud the Minotaur Abyssal Knight began the quest for
                  | the Orb.
     0 | Abyss:1  | Reached XP level 1. HP: 19/19 MP: 1/1
    64 | Abyss:1  | Noticed a large abomination
    65 | D:1      | Escaped the Abyss
   430 | D:1      | Reached * piety under Lugonu
   431 | D:1      | Reached XP level 2. HP: 28/28 MP: 2/2
   977 | D:2      | Found a faded altar of an unknown god.
   984 | D:2      | Reached skill level 5 in Fighting
  1024 | D:2      | Reached XP level 3. HP: 15/36 MP: 3/3
  1791 | D:2      | Reached XP level 4. HP: 18/44 MP: 4/4
  2541 | D:3      | Reached ** piety under Lugonu
  2941 | D:3      | Reached XP level 5. HP: 39/50 MP: 5/5
  3098 | D:3      | Reached skill level 5 in Armour
  3290 | D:3      | Found an ornate altar of the Wu Jian Council.
  3733 | D:3      | Reached XP level 6. HP: 14/57 MP: 7/7
  5343 | D:4      | Reached skill level 3 in Long Blades
  5562 | D:4      | Noticed Grinder
  5568 | D:4      | Paralysed by Grinder for 2 turns
  5576 | D:4      | Paralysed by Grinder for 3 turns
  5587 | D:4      | Killed Grinder
  5588 | D:4      | Reached skill level 4 in Long Blades
  5588 | D:4      | Reached XP level 7. HP: 10/63 MP: 2/9
  5886 | D:4      | Found a runed translucent gate.
  5886 | D:4      | Found a runed translucent gate.
  5890 | D:4      | Found a runed translucent gate.
  6093 | D:4      | Reached *** piety under Lugonu
  6097 | D:4      | Reached skill level 5 in Invocations
  6249 | D:4      | Noticed Zeebu's ghost (amateur DsAK)
  6560 | D:5      | Entered Level 5 of the Dungeon
  6605 | D:5      | Reached skill level 5 in Long Blades
  6814 | D:5      | Reached skill level 6 in Long Blades
  7104 | D:5      | Found a hide-covered altar of Uskayaw.
  7257 | D:5      | Reached skill level 7 in Long Blades
  7257 | D:5      | Reached XP level 8. HP: 47/70 MP: 6/10
  7598 | D:5      | Reached skill level 8 in Long Blades
  7814 | D:5      | Reached skill level 9 in Long Blades
  7990 | D:6      | Reached skill level 10 in Long Blades
  8139 | D:6      | Slain by an iguana

Illustrated notes

Levels and vault maps discovered:
D:1:      dpeg_arrival_refuge, layout_basic, kennysheep_doodads
D:2:      layout_loops_ring, hellmonk_ecumenical_altar_crossroads,
          cheibrodos_gnoll_hut
D:3:      layout_basic, mainiacjoe_overflow_24_doors, serial_forest,
          infiniplex_forest_clump_curved, infiniplex_forest_diagonal,
          infiniplex_forest_end_3, infiniplex_forest_straight_4,
          infiniplex_forest_lined_room_2, infiniplex_forest_clump_C,
          infiniplex_forest_clump_cross, infiniplex_forest_end_2,
          kennysheep_generic_room_15
D:4:      layout_basic, gammafunk_ghost_icy, minmay_ogre_servants, uniq_grinder
D:5:      minmay_razor_zed, layout_loops_ring,
          mainiacjoe_overflow_small_starburst
D:6:      layout_rooms, mainiacjoe_overflow_boulevard, gup_sewer_entry_bowl,
          serial_shops, nicolae_shop_temple_entry_statues_fountains,
          uniq_prince_ribbit1, uniq_crazy_yiuf_cottage

Skill      XL: |  1  2  3  4  5  6  7  8 |
---------------+-------------------------+-----
Fighting       | 4 5 6 |  6.8
Armour         | 4 5 |  5.0
Invocations    | 3 4 5 |  5.0
Long Blades    | 4 7 10 | 10.4
Dodging        | |  1.1

Action                   |  1- 3 |  4- 6 |  7- 9 || total
-------------------------+-------+-------+-------++-------
Melee: Falchion          |    79 |   163 |   169 ||   411
       Headbutt          |    15 |    26 |    35 ||    76
Throw: Boomerang         |       |     9 |     2 ||    11
Invok: Depart the Abyss  |     1 |       |       ||     1
  Use: Potion            |       |     3 |       ||     3
       Scroll            |       |     7 |     5 ||    12
Armor: Leather armour    |    21 |       |       ||    21
       Chain mail        |       |    91 |    82 ||   173
       Skin              |       |     7 |       ||     7
Dodge: Dodged            |    34 |    42 |    41 ||   117
       Rpst.: Falchion   |     9 |     7 |    11 ||    27
